 Dungeon Crawl Stone Soup version 0.18.1-48-g4cf74bf (console) character file.

2043 Homage the Blocker (level 9, 0/64 HPs)
             Began as a Formicid Fighter on Sept 12, 2016.
             Was a Priest of Okawaru.
             Slain by a decayed bog body (12 damage)
             ... in an ossuary.
             The game lasted 00:20:52 (6274 turns).

Homage the Blocker (Formicid Fighter)               Turns: 6274, Time: 00:20:54

Health: 0/64       AC: 14    Str: 26    XL:     9   Next: 48%
Magic:  11/11      EV:  9    Int: 10    God:    Okawaru [***...]
Gold:   351        SH: 15    Dex: 11    Spells: 0 memorised, 8 levels left

rFire  + . .     SeeInvis +     e - +3 great sword (curse)
rCold  . . .     Gourm    .     j - +0 plate armour
rNeg   . . .     Faith    .     c - +1 shield
rPois  .         Spirit   .     (helmet unavailable)
rElec  .         Dismiss  .     (no cloak)
rCorr  .         Reflect  .     (no gloves)
SustAt .         Harm     .     (no boots)
MR     .....                    g - amulet of magic regeneration
Stlth  ..........               r - ring of flight
                                n - +2 ring of intelligence

@: mighty, heroism, drained, not resistant to hostile enchantments, extremely
unstealthy
A: permanent stasis, dig shafts and tunnels, four strong arms, antennae 3,
clumsy 1, fire resistance 1, screaming 1
a: Dig, Shaft Self, Heroism, Renounce Religion, Evoke Flight


You were in an ossuary.
You worshipped Okawaru.
Okawaru was most pleased with you.
You were hungry.

You visited 2 branches of the dungeon, and saw 8 of its levels.
You also visited: Ossuary.

You collected 351 gold pieces.


Innate Abilities, Weirdness & Mutations

You are under a permanent stasis effect.
You can dig through walls and to a lower floor.
Your four strong arms can wield two-handed weapons with a shield.
You have a pair of large antennae on your head (SInv).
You are clumsy. (Dex -2)
Your flesh is heat resistant.
You occasionally shout uncontrollably at your foes.


   Skills:
 - Level 3.2(7.7) Fighting
 + Level 8.6(13.0) Axes
 - Level 5.0(9.4) Armour
 - Level 9.2(13.6) Shields
 - Level 3.2(2.8) Invocations


You had 8 spell levels left.
You didn't know any spells.

Inventory:

Hand Weapons
 a - a +1 war axe
 e - a cursed +3 great sword (weapon)
Missiles
 q - 10 tomahawks (quivered)
Armour
 c - a +1 shield (worn)
 j - a +0 plate armour (worn)
Jewellery
 g - an amulet of magic regeneration (around neck)
 n - a +2 ring of intelligence (left hand)
 r - a ring of flight (right hand)
Wands
 o - a wand of lightning (6/15)
Scrolls
 b - 2 scrolls of amnesia
 l - a scroll of magic mapping
 u - 2 scrolls of identify
Potions
 d - a potion of might
 h - 3 potions of curing
Comestibles
 f - 4 bread rations
 i - a chunk of flesh
 k - 3 meat rations
 m - 4 fruits
 s - 2 royal jellies
 t - a slice of pizza


Message History

The decayed bog body barely misses you.
The decayed bog body touches you but does no damage.
Read which item? (? for menu, Esc to quit)
Okay, then.
Drink which item? (? for menu, Esc to quit)
Okay, then.
Drink which item? (? for menu, Esc to quit)
You feel very mighty all of a sudden. You block the adder zombie's attack.
The decayed bog body hits you but does no damage.
The decayed bog body touches you but does no damage.
The decayed bog body points at you and mumbles some strange words.
You easily resist.
You slice the decayed bog body!!
You destroy the decayed bog body!
Okawaru accepts your kill. The adder zombie bites you.
* * * LOW HITPOINT WARNING * * *
The decayed bog body hits you!
You die...

{ { {{{ { {
#####{ {
#..\#{ #.@.#
#n%Z# ##M##
#.'...ZZ~~M~.n
###'#.~.~.~.#+
# #.#.#.~P# ##
###~#~~ #~~~
~#~


You could see a decayed bog body, a mummy, an adder zombie, a hound zombie and a
worker ant zombie.

Vanquished Creatures
  Grinder (D:4)
  Edmund (D:4)
  2 water moccasins
  2 phantoms
  A black bear (D:5)
  2 ogres (D:4)
  A centaur (D:5)
  3 wights (D:6)
  2 howler monkeys
  A crimson imp (D:5)
  2 bog bodies (Ossuary)
  A centaur zombie (D:5)
  A jelly (D:5)
  2 giant frog zombies
  A hound (D:4)
  2 orc priests
  3 orc wizards
  6 worker ants
  A hound zombie (D:7)
  A mummy (Ossuary)
  A gnoll (D:6)
  A howler monkey skeleton (D:6)
  8 adders
  2 shadow imps
  3 oozes
  An adder zombie (D:5)
  2 worms (D:3)
  The ghost of nxtlvl the Ruffian, a weakling MiTm (D:4)
  3 dart slugs
  8 giant geckos
  13 orcs
  2 ball pythons
  A giant cockroach (D:5)
  12 goblins
  5 hobgoblins
  8 jackals
  4 kobolds
  3 quokkas
  4 bats
  5 giant newts
  8 rats
131 creatures vanquished.

Vanquished Creatures (others)
  A withered plant (Ossuary)
1 creature vanquished.

Grand Total: 132 creatures vanquished

Notes
Turn   | Place    | Note
--------------------------------------------------------------
     0 | D:1      | Homage the Formicid Fighter began the quest for the Orb.
     0 | D:1      | Reached XP level 1. HP: 18/18 MP: 1/1
   100 | D:1      | Reached XP level 2. HP: 24/24 MP: 2/2
   247 | D:1      | Reached skill level 4 in Shields
   457 | D:1      | Reached XP level 3. HP: 29/29 MP: 3/3
   956 | D:2      | Found an iron altar of Okawaru.
   968 | D:2      | Became a worshipper of Warmaster Okawaru
  1450 | D:3      | Reached skill level 3 in Axes
  1502 | D:3      | Reached XP level 4. HP: 32/35 MP: 4/4
  1620 | D:3      | Gained mutation: You are clumsy. (Dex -2) [potion of mutation]
  1620 | D:3      | Gained mutation: You occasionally shout uncontrollably at your foes. [potion of mutation]
  1620 | D:3      | Gained mutation: Your flesh is heat resistant. [potion of mutation]
  1828 | D:3      | Noticed a phantom
  1839 | D:3      | HP: 4/35 [phantom (7)]
  2148 | D:3      | Killed a phantom
  2148 | D:3      | Reached XP level 5. HP: 32/41 MP: 5/5
  2305 | D:4      | Reached * piety under Okawaru
  2305 | D:4      | Reached skill level 1 in Invocations
  2305 | D:4      | Reached XP level 6. HP: 39/47 MP: 5/7
  2402 | D:4      | Noticed an air elemental
  2411 | D:4      | Noticed Edmund
  2445 | D:4      | Reached skill level 3 in Invocations
  2456 | D:4      | Found a stormy altar of Qazlal.
  2456 | D:4      | Noticed a fire elemental
  2519 | D:4      | Noticed an ogre
  2536 | D:4      | Killed an ogre
  2536 | D:4      | Reached XP level 7. HP: 39/52 MP: 6/9
  2565 | D:5      | Entered Level 5 of the Dungeon
  2701 | D:4      | Killed Edmund
  2701 | D:4      | Reached ** piety under Okawaru
  2701 | D:4      | Reached skill level 5 in Shields
  2772 | D:4      | Reached skill level 6 in Shields
  2789 | D:4      | Noticed Grinder
  2813 | D:4      | Killed Grinder
  2813 | D:4      | Reached skill level 7 in Shields
  2813 | D:4      | Reached XP level 8. HP: 37/58 MP: 10/10
  2924 | D:4      | Found a burning altar of Makhleb.
  2930 | D:4      | Noticed nxtlvl's ghost (weakling MiTm)
  2937 | D:4      | Killed nxtlvl's ghost
  3183 | D:4      | Noticed a water elemental
  3220 | D:4      | Reached skill level 8 in Shields
  3525 | D:5      | Reached skill level 9 in Shields
  4392 | D:5      | Found a blossoming altar of Fedhas.
  4451 | D:5      | Reached skill level 6 in Axes
  4671 | D:5      | Reached XP level 9. HP: 54/64 MP: 11/11
  4884 | D:6      | Got a pitted ring mail
  4904 | D:6      | Identified the +2 ring mail of Conscience {rPois} (You found it on level 6 of the Dungeon)
  5029 | D:6      | Found a burning altar of Makhleb.
  5053 | D:6      | Found a staircase to the Ecumenical Temple.
  5232 | Temple   | Entered the Ecumenical Temple
  5631 | D:5      | HP: 12/64 [water moccasin (1)]
  6012 | D:6      | Reached *** piety under Okawaru
  6151 | D:7      | Noticed Homage's ghost (novice FoFi)
  6214 | D:7      | Found a sand-covered staircase.
  6223 | Ossuary  | Entered an ossuary
  6274 | Ossuary  | HP: 12/64 [adder zombie (2)]
  6274 | Ossuary  | Slain by a decayed bog body

Vault maps used:
D:1:      dpeg_arrival_three_same_balls
D:2:      wad_lake_hut, nicolae_overflow_crystal_walls
D:4:      lemuel_doored_altar, nicolae_qazlal_style_of_elements, uniq_grinder,
          uniq_edmund
D:5:      black_bear_nest_1, first_bread, fedhas_altar_2
D:6:      temple_fountains, basic_altar, corexii_shack
D:7:      lemuel_round_altar, nicolae_ossuary_entry_monument, uniq_pikel,
          uniq_joseph
Temple:   chambers_temple_14
Ossuary:  ossuary_zaba_flooded

Action                   |  1- 3 |  4- 6 |  7- 9 || total
-------------------------+-------+-------+-------++-------
Melee: War axe           |   117 |   114 |   269 ||   500
       Great sword       |       |       |    68 ||    68
Throw: Tomahawk          |       |       |     1 ||     1
Invok: Heroism           |       |     2 |     7 ||     9
  Use: Scroll            |     8 |       |     5 ||    13
       Potion            |     4 |     1 |     3 ||     8
  Eat: Chunk             |     2 |     4 |     8 ||    14
       Bread ration      |       |       |     1 ||     1
Armor: Scale mail        |    30 |       |       ||    30
       Chain mail        |    50 |    45 |    72 ||   167
       Plate armour      |       |       |    96 ||    96
Dodge: Dodged            |    35 |    27 |    94 ||   156
Block: Shield            |    71 |    51 |   261 ||   383
